TOP OF THE 1ST |
Highwood Hawks batting - Pitching for Bellevue Bruins : RHP Tye Collyer
|
Pitching: RHP Tye Collyer
|
|
Batting: LHB Kendrick Sullivan
|
0-0: Ball 1-0: Foul Ball, location: 2F 1-1: Ball 2-1: SINGLE (Line Drive, 9LS)
|
Batting: RHB Júlio Becerra
|
0-0: Ball 1-0: Ball 2-0: Foul Ball, location: 2F 2-1: Ball 3-1: Foul Ball, location: 2F 3-2: Strikes out swinging
|
Batting: SHB Luis Manuel Flores
|
0-0: Ball Kendrick Sullivan steals 2nd base 1-0: Ball 2-0: Ground out 6-3 (Groundball, 6M) Kendrick Sullivan to third
|
Batting: LHB Scott Janousek
|
0-0: Ball 1-0: Called Strike 1-1: Foul Ball, location: 2F 1-2: Foul Ball, location: 2F 1-2: Ball 2-2: Strikes out looking
|
Top of the 1st over - 0 run(s), 1 hit(s), 0 error(s), 1 left on base; Highwood 0 - Bellevue 0 |
BOTTOM OF THE 1ST |
Bellevue Bruins batting - Pitching for Highwood Hawks : RHP Cisco Ortíz
|
Pitching: RHP Cisco Ortíz
|
|
Batting: RHB Jesús Vargas
|
0-0: Ball 1-0: Ball 2-0: Ground out 1-3 (Groundball, 13S)
|
Batting: LHB José Barrón
|
0-0: Ball 1-0: Fly out, F7 (Flyball, 78M)
|
Batting: RHB Gary Chalmers
|
0-0: Called Strike 0-1: Foul Ball, location: 2F 0-2: Ball 1-2: SOLO HOME RUN (Flyball, 78XD), Distance : 437 ft
|
Batting: SHB Jesús Rodríguez
|
0-0: Called Strike 0-1: Foul Ball, location: 2F 0-2: Foul Ball, location: 2F 0-2: Ball 1-2: Ground out 5-3 (Groundball, 15S)
|
Bottom of the 1st over - 1 run(s), 1 hit(s), 0 error(s), 0 left on base; Highwood 0 - Bellevue 1 |
TOP OF THE 2ND |
Highwood Hawks batting - Pitching for Bellevue Bruins : RHP Tye Collyer
|
Batting: RHB James Hill
|
0-0: Ball 1-0: Swinging Strike 1-1: Ball 2-1: Foul Ball, location: 2F 2-2: Strikes out swinging
|
Batting: RHB Pepe Álvarez
|
0-0: Swinging Strike 0-1: Fly out, F3 (Popup, 3SF)
|
Batting: RHB Oscar Stephens
|
0-0: Foul Ball, location: 2F 0-1: Swinging Strike 0-2: Strikes out looking
|
Top of the 2nd over - 0 run(s), 0 hit(s), 0 error(s), 0 left on base; Highwood 0 - Bellevue 1 |
BOTTOM OF THE 2ND |
Bellevue Bruins batting - Pitching for Highwood Hawks : RHP Cisco Ortíz
|
Batting: RHB Luis Ríos
|
0-0: Ball 1-0: Foul Ball, location: 2F 1-1: SINGLE (Line Drive, 9S)
|
Batting: RHB Mark Bishop
|
0-0: Ball 1-0: Ground out 5-3 (Groundball, 15S) Luis Ríos to second
|
Batting: RHB Edgar González
|
0-0: Ball 1-0: Called Strike 1-1: Foul Ball, location: 2F 1-2: Fly out, F8 (Flyball, 8LM)
|
Batting: LHB Orlando López
|
0-0: Ball 1-0: Ball 2-0: Called Strike 2-1: Foul Ball, location: 2F 2-2: Strikes out swinging
|
Bottom of the 2nd over - 0 run(s), 1 hit(s), 0 error(s), 1 left on base; Highwood 0 - Bellevue 1 |
TOP OF THE 3RD |
Highwood Hawks batting - Pitching for Bellevue Bruins : RHP Tye Collyer
|
Batting: RHB Harry Freidricks
|
0-0: Ball 1-0: Ball 2-0: Foul Ball, location: 2F 2-1: Reached on error, E5 (Groundball, 5)
|
Batting: RHB Eduardo Guzmán
|
0-0: Called Strike 0-1: Swinging Strike 0-2: Strikes out looking
|
Batting: LHB Kendrick Sullivan
|
0-0: Ball 1-0: Swinging Strike 1-1: Foul Ball, location: 2F 1-2: TRIPLE (Flyball, 8LM) Harry Freidricks scores
|
Batting: RHB Júlio Becerra
|
0-0: Fly out, F8 (Flyball, 78M) Runner from 3rd tags up, SCORES, no throw
|
Batting: SHB Luis Manuel Flores
|
0-0: Called Strike 0-1: Ball 1-1: Ball 2-1: Ball 3-1: Base on Balls
|
Batting: LHB Scott Janousek
|
0-0: Ball 1-0: Swinging Strike 1-1: Called Strike 1-2: Foul Ball, location: 2F 1-2: Foul Ball, location: 2F 1-2: Fly out, F8 (Flyball, 8RM)
|
Top of the 3rd over - 2 run(s), 1 hit(s), 1 error(s), 1 left on base; Highwood 2 - Bellevue 1 |
BOTTOM OF THE 3RD |
Bellevue Bruins batting - Pitching for Highwood Hawks : RHP Cisco Ortíz
|
Batting: RHB Nick Hoskins
|
0-0: Called Strike 0-1: Hit by Pitch
|
Batting: RHB Jesús Vargas
|
0-0: Ball 1-0: Foul Ball, location: 2F 1-1: Ball 2-1: Foul Ball, location: 2F 2-2: Ball 3-2: Ground out U3 (Groundball, 3S) Nick Hoskins to second
|
Batting: LHB José Barrón
|
0-0: Ball 1-0: Swinging Strike 1-1: Ball 2-1: Ball 3-1: Ground out 4-3 (Groundball, 4) Nick Hoskins to third
|
Batting: RHB Gary Chalmers
|
0-0: Called Strike 0-1: Called Strike 0-2: Ball 1-2: Foul Ball, location: 2F 1-2: Ball 2-2: Foul Ball, location: 2F 2-2: Fly out, F3 (Popup, 13)
|
Bottom of the 3rd over - 0 run(s), 0 hit(s), 0 error(s), 1 left on base; Highwood 2 - Bellevue 1 |
TOP OF THE 4TH |
Highwood Hawks batting - Pitching for Bellevue Bruins : RHP Tye Collyer
|
Batting: RHB James Hill
|
0-0: Called Strike 0-1: Foul Ball, location: 2F 0-2: Ball 1-2: SINGLE (Line Drive, 89S)
|
Batting: RHB Pepe Álvarez
|
0-0: Called Strike 0-1: Foul Ball, location: 2F 0-2: Strikes out swinging
|
Batting: RHB Oscar Stephens
|
0-0: Ball 1-0: Called Strike 1-1: Ball 2-1: DOUBLE (Groundball, 5L) James Hill to third
|
Batting: RHB Harry Freidricks
|
0-0: Ball 1-0: Foul Ball, location: 2F 1-1: Foul Ball, location: 2F 1-2: Ground out 5-3 (Groundball, 5)
|
Batting: RHB Eduardo Guzmán
|
0-0: Called Strike 0-1: Fly out, F6 (Popup, 6MD)
|
Top of the 4th over - 0 run(s), 2 hit(s), 0 error(s), 2 left on base; Highwood 2 - Bellevue 1 |
BOTTOM OF THE 4TH |
Bellevue Bruins batting - Pitching for Highwood Hawks : RHP Cisco Ortíz
|
Batting: SHB Jesús Rodríguez
|
0-0: Foul Ball, location: 2F 0-1: Foul Ball, location: 2F 0-2: Ball 1-2: Foul Ball, location: 2F 1-2: Ball 2-2: DOUBLE (Flyball, 89D)
|
Batting: RHB Luis Ríos
|
0-0: Swinging Strike 0-1: Ball 1-1: Foul Ball, location: 2F 1-2: Ground out 6-3 (Groundball, 56)
|
Batting: RHB Mark Bishop
|
0-0: SINGLE (Groundball, 34D) Jesús Rodríguez to third
|
Batting: RHB Edgar González
|
0-0: Ball 1-0: Called Strike 1-1: Ball 2-1: Ball 3-1: Called Strike 3-2: Foul Ball, location: 2F 3-2: Strikes out looking
|
Batting: LHB Orlando López
|
0-0: Ball 1-0: Fly out, F7 (Flyball, 7LM)
|
Bottom of the 4th over - 0 run(s), 2 hit(s), 0 error(s), 2 left on base; Highwood 2 - Bellevue 1 |
TOP OF THE 5TH |
Highwood Hawks batting - Pitching for Bellevue Bruins : RHP Tye Collyer
|
Batting: LHB Kendrick Sullivan
|
0-0: Called Strike 0-1: Called Strike 0-2: Foul Ball, location: 2F 0-2: Strikes out swinging
|
Batting: RHB Júlio Becerra
|
0-0: Ball 1-0: Foul Ball, location: 2F 1-1: Called Strike 1-2: Foul Ball, location: 2F 1-2: Ground out 1-3 (Groundball, 13)
|
Batting: SHB Luis Manuel Flores
|
0-0: SINGLE (Line Drive, 7LS)
|
Batting: LHB Scott Janousek
|
0-0: Called Strike Luis Manuel Flores steals 2nd base 0-1: Ball 1-1: Ball 2-1: Ball 3-1: Base on Balls
|
Pitching: RHP Will Moore
|
|
Batting: RHB James Hill
|
0-0: Ball 1-0: Called Strike 1-1: Ball 2-1: Fly out, F8 (Flyball, 8LM)
|
Top of the 5th over - 0 run(s), 1 hit(s), 0 error(s), 2 left on base; Highwood 2 - Bellevue 1 |
BOTTOM OF THE 5TH |
Bellevue Bruins batting - Pitching for Highwood Hawks : RHP Cisco Ortíz
|
Batting: RHB Nick Hoskins
|
0-0: Ball 1-0: Ball 2-0: Called Strike 2-1: Fly out, F9 (Line Drive, 9M)
|
Batting: RHB Jesús Vargas
|
0-0: Called Strike 0-1: Foul Ball, location: 2F 0-2: Fly out, F6 (Popup, 6MD)
|
Batting: LHB José Barrón
|
0-0: Called Strike 0-1: Ball 1-1: Foul Ball, location: 2F 1-2: Ball 2-2: Ball 3-2: Foul Ball, location: 2F 3-2: Strikes out swinging
|
Bottom of the 5th over - 0 run(s), 0 hit(s), 0 error(s), 0 left on base; Highwood 2 - Bellevue 1 |
TOP OF THE 6TH |
Highwood Hawks batting - Pitching for Bellevue Bruins : RHP Will Moore
|
Batting: RHB Pepe Álvarez
|
0-0: Called Strike 0-1: Foul Ball, location: 2F 0-2: Ball 1-2: Ground out 5-3 (Groundball, 15S)
|
Batting: RHB Oscar Stephens
|
0-0: Foul Ball, location: 2F 0-1: Ball 1-1: Ball 2-1: Ground out 4-3 (Groundball, 4)
|
Batting: RHB Harry Freidricks
|
0-0: Ground out 5-3 (Groundball, 5L)
|
Top of the 6th over - 0 run(s), 0 hit(s), 0 error(s), 0 left on base; Highwood 2 - Bellevue 1 |
BOTTOM OF THE 6TH |
Bellevue Bruins batting - Pitching for Highwood Hawks : RHP Cisco Ortíz
|
Batting: RHB Gary Chalmers
|
0-0: Ball 1-0: Swinging Strike 1-1: SINGLE (Groundball, 56)
|
Batting: SHB Jesús Rodríguez
|
0-0: Ball 1-0: Ball 2-0: Ball 3-0: Base on Balls Gary Chalmers to second
|
Batting: RHB Luis Ríos
|
0-0: Ball 1-0: Swinging Strike 1-1: Called Strike 1-2: Ball 2-2: Foul Ball, location: 2F 2-2: Ball 3-2: SINGLE (Flyball, 8RS) Gary Chalmers to third Jesús Rodríguez to second Runner from 3rd tries for Home, SAFE, throw made home Jesús Rodríguez to third Luis Ríos to second
|
Batting: RHB Mark Bishop
|
0-0: Foul Ball, location: 2F 0-1: Called Strike 0-2: Fly out, F8 (Flyball, 78M)
|
Batting: RHB Edgar González
|
0-0: Fly out, F8 (Flyball, 78M)
|
Batting: LHB Orlando López
|
0-0: SINGLE (Groundball, 34D) Jesús Rodríguez scores Luis Ríos to third Runner from 3rd tries for Home, SAFE, no throw or cutoff
|
Batting: RHB Nick Hoskins
|
0-0: Called Strike 0-1: SINGLE (Groundball, 2L) (infield hit) Orlando López to second
|
Batting: RHB Jesús Vargas
|
0-0: Ball 1-0: SINGLE (Line Drive, 89S) Orlando López to third Nick Hoskins to second Throwing error, E9 Orlando López scores Nick Hoskins to third Jesús Vargas to second
|
Batting: LHB José Barrón
|
0-0: Called Strike 0-1: Ball 1-1: SINGLE (Line Drive, 4MD) Nick Hoskins scores Jesús Vargas to third Runner from 3rd tries for Home, throw and OUT!
|
Bottom of the 6th over - 5 run(s), 6 hit(s), 1 error(s), 1 left on base; Highwood 2 - Bellevue 6 |
TOP OF THE 7TH |
Highwood Hawks batting - Pitching for Bellevue Bruins : RHP Will Moore
|
Batting: RHB Eduardo Guzmán
|
0-0: Called Strike 0-1: Fly out, F8 (Flyball, 8RM)
|
Batting: LHB Kendrick Sullivan
|
0-0: Foul Ball, location: 2F 0-1: Foul Ball, location: 2F 0-2: Ball 1-2: Strikes out swinging
|
Batting: RHB Júlio Becerra
|
0-0: Ball 1-0: Swinging Strike 1-1: Called Strike 1-2: Foul Ball, location: 2F 1-2: SINGLE (Line Drive, 8RS)
|
Batting: SHB Luis Manuel Flores
|
0-0: Ground out 5-3 (Groundball, 5S)
|
Top of the 7th over - 0 run(s), 1 hit(s), 0 error(s), 1 left on base; Highwood 2 - Bellevue 6 |
BOTTOM OF THE 7TH |
Bellevue Bruins batting - Pitching for Highwood Hawks : RHP Cisco Ortíz
|
Pitching: RHP Alonso Martínez
|
|
Batting: RHB Gary Chalmers
|
0-0: Called Strike 0-1: Ball 1-1: Foul Ball, location: 2F 1-2: Ball 2-2: Ball 3-2: Ground out 5-3 (Groundball, 5L)
|
Batting: SHB Jesús Rodríguez
|
0-0: Ball 1-0: Ball 2-0: Foul Ball, location: 2F 2-1: Swinging Strike 2-2: Ground out U3 (Groundball, 3)
|
Batting: RHB Luis Ríos
|
0-0: SINGLE (Line Drive, 6MD)
|
Batting: RHB Mark Bishop
|
0-0: Ball Luis Ríos steals 2nd base 1-0: Called Strike 1-1: Ball 2-1: Foul Ball, location: 2F 2-2: Strikes out swinging
|
Bottom of the 7th over - 0 run(s), 1 hit(s), 0 error(s), 1 left on base; Highwood 2 - Bellevue 6 |
TOP OF THE 8TH |
Highwood Hawks batting - Pitching for Bellevue Bruins : RHP Will Moore
|
Batting: LHB Scott Janousek
|
0-0: Ball 1-0: Called Strike 1-1: Ball 2-1: Foul Ball, location: 2F 2-2: Strikes out looking
|
Batting: RHB James Hill
|
0-0: Ground out 5-3 (Groundball, 56)
|
Batting: RHB Pepe Álvarez
|
0-0: Ground out 5-3 (Groundball, 56)
|
Top of the 8th over - 0 run(s), 0 hit(s), 0 error(s), 0 left on base; Highwood 2 - Bellevue 6 |
BOTTOM OF THE 8TH |
Bellevue Bruins batting - Pitching for Highwood Hawks : RHP Alonso Martínez
|
Batting: RHB Edgar González
|
0-0: Ball 1-0: Foul Ball, location: 2F 1-1: Called Strike 1-2: Foul Ball, location: 2F 1-2: Ball 2-2: Strikes out swinging
|
Batting: LHB Orlando López
|
0-0: Called Strike 0-1: Ball 1-1: Foul Ball, location: 2F 1-2: Strikes out swinging
|
Batting: RHB Nick Hoskins
|
0-0: Ball 1-0: Called Strike 1-1: Foul Ball, location: 2F 1-2: Strikes out swinging
|
Bottom of the 8th over - 0 run(s), 0 hit(s), 0 error(s), 0 left on base; Highwood 2 - Bellevue 6 |
TOP OF THE 9TH |
Highwood Hawks batting - Pitching for Bellevue Bruins : RHP Will Moore
|
Batting: RHB Oscar Stephens
|
0-0: Ball 1-0: Swinging Strike 1-1: Ball 2-1: Foul Ball, location: 2F 2-2: Ball 3-2: Base on Balls
|
Batting: RHB Harry Freidricks
|
0-0: Ball 1-0: Called Strike 1-1: Ball 2-1: Ball 3-1: Foul Ball, location: 2F 3-2: Base on Balls Oscar Stephens to second
|
Pitching: RHP Elton Mobley
|
|
Batting: RHB Eduardo Guzmán
|
0-0: Ball 1-0: Swinging Strike 1-1: Fly out, F7 (Flyball, 7S)
|
Batting: LHB Kendrick Sullivan
|
0-0: Foul Ball, location: 2F 0-1: Foul Ball, location: 2F 0-2: Strikes out swinging
|
Batting: RHB Júlio Becerra
|
0-0: Ball 1-0: Called Strike 1-1: Ball 2-1: Swinging Strike 2-2: Foul Ball, location: 2F 2-2: Ball 3-2: Strikes out swinging
|
Top of the 9th over - 0 run(s), 0 hit(s), 0 error(s), 2 left on base; Highwood 2 - Bellevue 6 |
|